 Dungeon Crawl Stone Soup version 0.24.0-13-gcf9b319 (webtiles) character file.

Game seed: 3789823590891190907, levelgen mode: deterministic

573 shmeve the Chopper (level 7, 0/63 HPs)
             Began as a Minotaur Berserker on Apr 10, 2020.
             Was a Priest of Trog.
             Slain by a sky beast (3 damage)
             ... on level 5 of the Dungeon.
             The game lasted 00:04:54 (3240 turns).

shmeve the Chopper (Minotaur Berserker)             Turns: 3240, Time: 00:04:55

Health: 0/63       AC:  9    Str: 22    XL:     7   Next: 12%
Magic:  6/6        EV:  9    Int:  5    God:    Trog [***...]
Gold:   124        SH:  0    Dex: 10    Spells: 6/6 levels left

rFire    . . .     SeeInvis .   a - +0 hand axe
rCold    . . .     Gourm    .   (no shield)
rNeg     . . .     Faith    .   s - +0 chain mail
rPois    .         Spirit   .   (helmet restricted)
rElec    .         Reflect  .   (no cloak)
rCorr    .         Harm     .   (no gloves)
MR       .....                  (no boots)
Stlth    ..........             (no amulet)
HPRegen  0.20/turn              (no ring)
MPRegen  0.10/turn              (no ring)

@: berserk cooldown, slowed, very slow
A: retaliatory headbutt, horns 2
a: Berserk, Trog's Hand, Renounce Religion


You were on level 5 of the Dungeon.
You worshipped Trog.
Trog was most pleased with you.
You were very hungry.

You visited 1 branch of the dungeon, and saw 5 of its levels.

You collected 124 gold pieces.

Inventory:

Hand Weapons
 a - a +0 hand axe (weapon)
Missiles
 d - 2 boomerangs (quivered)
 i - a throwing net
Armour
 s - a +0 chain mail (worn)
Jewellery
 q - an uncursed ring of flight {unknown}
 u - a cursed ring of attention {unknown}
Scrolls
 f - 4 scrolls of blinking {unknown}
 h - a scroll of magic mapping {unknown}
 j - 2 scrolls of immolation {unknown}
 k - 5 scrolls of identify {unknown}
 m - a scroll of fear {unknown}
 n - a scroll of enchant armour {unknown}
 o - a scroll of amnesia {unknown}
 t - a scroll of teleportation {unknown}
Potions
 b - 2 potions of brilliance {unknown}
 e - 3 potions of agility {unknown}
 g - 3 potions of curing {unknown}
 l - a potion of resistance {unknown}
 p - 2 potions of lignification {unknown}
 v - 3 potions of mutation {unknown}
 w - a potion of magic {unknown}
Comestibles
 c - 8 rations


   Skills:
 * Level 6.0 Fighting
 * Level 6.0 Axes
 + Level 2.4 Throwing
 + Level 4.2 Armour
 + Level 3.8 Dodging


You had 6 spell levels left.
You didn't know any spells.
Your spell library was empty.

Dungeon Overview and Level Annotations

Branches:
Dungeon (5/15)             Temple (0/1) D:4

Altars:
Ashenzari
Dithmenos
Ru
Uskayaw


Innate Abilities, Weirdness & Mutations

You reflexively headbutt those who attack you in melee.
You have a pair of horns on your head.


Message History

Something hits you. Something shocks you.
Something hits you but does no damage.
You closely miss something. Your headbutt misses something. Something hits you.
Something shocks you.
You barely miss something. Something hits you but does no damage.
Something hits you. Something shocks you.
* * * LOW HITPOINT WARNING * * *
You closely miss something. Your headbutt misses something. Something hits you.
* * * LOW HITPOINT WARNING * * *
Something shocks you.
* * * LOW HITPOINT WARNING * * *
You closely miss something. Something hits you.
* * * LOW HITPOINT WARNING * * *
Something shocks you.
* * * LOW HITPOINT WARNING * * *
Something hits you but does no damage.
You barely miss something.
A sky beast appears from thin air!
Reactivating autopickup.
The sky beast hits you.
You die...

## .# # .#.#
#.#.# ##)...#
#######.#.#.##
#....Y@.)....#
...#####.#.#.##
#........#
#.###.#.##
#.<...# #.#.###
.....# ###.###
#.


You could see a sky beast.

Vanquished Creatures
  Prince Ribbit (D:5)
  The ghost of bnns the Insei, an amateur OpTm (D:3)
  A howler monkey (D:4)
  Terence (D:3)
  A worker ant (D:4)
  3 gnolls (D:3)
  7 adders
  4 worms
  A dart slug (D:3)
  3 leopard geckos
  6 orcs
  4 giant cockroaches
  10 goblins
  9 hobgoblins
  2 jackals (D:3)
  2 quokkas (D:4)
  A ball python (D:1)
  4 bats
  2 frilled lizards
  4 kobolds
  6 rats
73 creatures vanquished.

Notes
Turn   | Place    | Note
-------+----------+-------------------------------------------
     0 | D:1      | shmeve the Minotaur Berserker began the quest for the Orb.
     0 | D:1      | Reached XP level 1. HP: 19/19 MP: 0/0
   334 | D:1      | Reached XP level 2. HP: 24/27 MP: 1/1
   873 | D:2      | Found a shadowy altar of Dithmenos.
   918 | D:2      | Reached XP level 3. HP: 28/33 MP: 2/2
  1099 | D:2      | Reached skill level 1 in Throwing
  1102 | D:2      | Reached XP level 4. HP: 26/41 MP: 3/3
  1701 | D:3      | Reached ** piety under Trog
  1743 | D:3      | You fall into a shaft and drop 1 floor!
  1925 | D:3      | Noticed Terence
  1931 | D:3      | Killed Terence
  1931 | D:3      | Reached XP level 5. HP: 46/47 MP: 4/4
  2126 | D:3      | Found a hide-covered altar of Uskayaw.
  2246 | D:3      | Reached skill level 5 in Fighting
  2261 | D:3      | Found a sacrificial altar of Ru.
  2355 | D:3      | Found a runed translucent door.
  2355 | D:3      | Noticed bnns's ghost (amateur OpTm)
  2368 | D:3      | Killed bnns's ghost
  2368 | D:3      | Reached *** piety under Trog
  2368 | D:3      | Reached skill level 5 in Axes
  2368 | D:3      | Reached XP level 6. HP: 56/56 MP: 5/5
  2662 | D:4      | Found a staircase to the Ecumenical Temple.
  3065 | D:4      | Found a shattered altar of Ashenzari.
  3219 | D:5      | Entered Level 5 of the Dungeon
  3221 | D:5      | Noticed Prince Ribbit
  3227 | D:5      | Killed Prince Ribbit
  3227 | D:5      | Reached XP level 7. HP: 56/63 MP: 6/6
  3239 | D:5      | HP: 2/63 [something (5)]
  3240 | D:5      | Slain by a sky beast

Levels and vault maps discovered:
D:1:      scummos_arrival_simple_fountains, layout_loops_ring
D:2:      layout_loops_ring, first_ration, lemuel_tele_altar
D:3:      layout_rooms, nicolae_overflow_crystal_walls, lemuel_crystal_altar,
          hellmonk_ghost_happy_afterlife, uniq_terence
D:4:      layout_loops_corners, evilmike_ruin_ashenzari,
          minmay_temple_entry_nine_rooms, minmay_misc_feat_iff
D:5:      layout_loops_ring, minitemple, minmay_misc_feat_cross, uniq_ijyb,
          uniq_grinder, uniq_prince_ribbit1, uniq_crazy_yiuf_cottage

Skill      XL: |  1  2  3  4  5  6 |
---------------+-------------------+-----
Fighting       | 4 5 6 |  6.0
Axes           | 4 5 6 |  6.0
Throwing       | 1 2 |  2.4
Armour         | 3 4 |  4.2
Dodging        | 3 |  3.8

Action                   |  1- 3 |  4- 6 |  7- 9 || total
-------------------------+-------+-------+-------++-------
Melee: Hand axe          |    33 |   100 |     7 ||   140
       Headbutt          |     3 |    20 |     1 ||    24
Throw: Boomerang         |    23 |    32 |     3 ||    58
Invok: Berserk           |       |     4 |       ||     4
  Eat: Chunk             |       |    10 |       ||    10
Armor: Animal skin       |     4 |     5 |       ||     9
       Chain mail        |       |    30 |     3 ||    33
Dodge: Dodged            |    20 |    52 |       ||    72
